Unix NetHack Version 5.0.0-0 post-release - last build May 10 2026 23:12:36 (d1fa5d53e341ca933230fdaa984d921c805b60aa,branch:main).

Game began 2026-05-11 09:10:24, ended 2026-05-11 11:16:19.

GdeVolpiano, lawful female dwarven Cavewoman

                                                         ---..
                                                         |@a......
                                                         |.ad.....  ...
                                                         -..*..|.. .....
                                                          ....-   .......
                                                                  ..%!...
                                                                  ..%..%.
                                                                   .....
                                                                    ...

GdeVolpiano the Aborigine  St:18/03 Dx:10 Co:17 In:9 Wi:10 Ch:9  Lawful
Dlvl:7  $:126 HP:0(32) Pw:8(8) AC:3  Xp:3 T:2527 

Latest messages:
 You swap places with Slasher.
 F - a spherical amulet.
 Slasher bites the hobbit.
 The hobbit misses Slasher.
 You hear some noises.
 You swap places with Slasher.
 It misses the gnome lady.
 It misses the gnome lady.
 It bites the gnome lady.
 The gnome lady hits it.
 Slasher bites the gnome lady.
 The gnome lady is killed!
 You see here a gnome lady corpse.
 There is a gnome lady corpse here; eat it? [ynq] (n)
 This gnome lady corpse is fatty.
 Slasher drops a sling.
 Slasher picks up a sling.
 You finish eating the gnome lady corpse.
 Slasher drops a sling.
 You hear some noises in the distance.
 You stop.  Slasher is in the way!
 You swap places with Slasher.
 You descend the stairs.
 You hear some noises.
 You hear some noises in the distance.
 You kill the giant ant!
 The Mordor orc swings her thonged club.
 The Mordor orc just misses!
 You miss the Mordor orc.
 The soldier ant misses!
 The soldier ant stings!
 The giant ant misses!
 The soldier ant bites!
 The soldier ant stings!
 The soldier ant bites!
 The soldier ant misses!
 You climb up the stairs.
 What do you want to drink? [t or ?*]
 You feel better.
 You descend the stairs.
 The soldier ant bites!
 The soldier ant stings!
 The soldier ant bites!
 The soldier ant misses!
 You miss the soldier ant.
 Slasher misses the soldier ant.
 The soldier ant bites!
 The soldier ant stings!
 You die...
 Do you want your possessions identified? [ynq] (y)

Inventory:
 Coins    ('$')
  $ - 126 gold pieces
 Amulets  ('"')
  F - an uncursed amulet of unchanging
 Weapons  (')')
  b - a +2 sling (alternate weapon; not wielded)
  a - a +1 club (weapon in right hand)
 Armor    ('[')
  y - an uncursed +0 pair of iron shoes (being worn)
  j - an uncursed +0 alchemy smock with text "Rat: The other white meat" (being worn)
  i - an uncursed +0 scale mail (being worn)
 Comestibles  ('%')
  s - an uncursed food ration
 Scrolls  ('?')
  m - an uncursed scroll of blank paper
  o - an uncursed scroll of fire
  p - an uncursed scroll of identify
  h - a cursed scroll of identify
  n - an uncursed scroll of teleportation
 Spellbooks  ('+')
  g - an uncursed spellbook of blank paper
  r - an uncursed spellbook of chain lightning
 Potions  ('!')
  t - an uncursed potion of healing
 Rings    ('=')
  f - a cursed ring of polymorph
  l - an uncursed ring of teleport control
 Wands    ('/')
  d - a wand of fire (0:5)
  B - a wand of striking (0:3)
 Tools    ('(')
  v - an expensive camera (0:96)
  w - an uncursed magic whistle
  C - an uncursed mirror
  A - a +0 pick-axe
 Gems/Stones  ('*')
  q - an uncursed aquamarine stone
  u - an uncursed ruby
  x - an uncursed worthless piece of white glass
  D - an uncursed worthless piece of yellow glass
  c - 22 uncursed flint stones (in quiver pouch)

GdeVolpiano the Cavewoman's attributes:

Background:
 You were an Aborigine, a level 3 dwarven Cavewoman.
 You were lawful, nominally on a mission for Anu
 who was opposed by Ishtar (neutral) and Anshar (chaotic).
 You were right-handed.
 You were in the Gnomish Mines, on level 7.
 You entered the dungeon 2527 turns ago.
 You had 79 experience points, 1 more was needed to attain level 4.

Basics:
 You had 0 out of 32 hit points.
 You had all 8 energy points (spell power).
 Your armor class was 3.
 Your wallet contained 126 zorkmids.
 Autopickup was on for '$?!/="+' plus thrown, with exceptions.

Final Characteristics:
 Your strength was 18/03 (limit:18/100).
 Your dexterity was 10 (limit:20).
 Your constitution was 17 (limit:20).
 Your intelligence was 9 (limit:16).
 Your wisdom was 10 (limit:16).
 Your charisma was 9 (limit:16).

Final Status:
 You weren't hungry.
 You were unencumbered.
 You were wielding a club.
 You had basic skill with club.

Final Attributes:
 You were piously aligned.
 You were poison resistant.
 You were acid resistant.
 Your items were protected from acid.
 You had infravision.
 You were warded.
 You are dead.

Miscellaneous:
 You encountered 1 bones level.
 Total elapsed playing time was 15 minutes and 50 seconds.

Major events:
 Turn
    1: GdeVolpiano the lawful dwarven Cavewoman entered the dungeon
 1260: attained the rank of Aborigine (level 3)
 1425: entered the Gnomish Mines
 2527: killed by a soldier ant

You didn't know any spells.

Skills:
 Fighting Skills
   bare handed combat [Basic]
 Weapon Skills
   dagger             [Unskilled]
   knife              [Unskilled]
   axe                [Unskilled]
   pick-axe           [Unskilled]
   club               [Basic]
   mace               [Unskilled]
   morning star       [Unskilled]
   flail              [Unskilled]
   hammer             [Unskilled]
   quarterstaff       [Unskilled]
   polearms           [Unskilled]
   spear              [Unskilled]
   trident            [Unskilled]
   bow                [Unskilled]
   sling              [Basic]
   boomerang          [Unskilled]
   unicorn horn       [Unskilled]
 Spellcasting Skills
   attack spells      [Unskilled]
   matter spells      [Unskilled]

Voluntary challenges:
 Character rerolling was not enabled.
 You were an atheist.
 You never genocided any monsters.
 You never polymorphed an object.
 You never changed form.
 You used no wishes.
Achievements:
 You attained the rank of Aborigine.
 You entered the Gnomish Mines.

 The Dungeons of Doom: levels 1 to 5
    Level 1: "vault"
       An altar, a fountain, a sink.
    Level 2:
    Level 3:
       Some fountains.
    Level 4:
       An altar, many fountains, a sink.
       Stairs down to The Gnomish Mines.
    Level 5:
 The Gnomish Mines: levels 5 to 7
    Level 5:
    Level 6:
    Level 7: <- You were here.
       A grave.
       Final resting place for
          you, killed by a soldier ant,
          witchwood-Val-Hum-Fem-Neu, killed by a soldier ant.


Vanquished creatures:
  2 gnome leaders
  a giant ant
  3 dwarves
  a rabid rat
 an iguana
  2 coyotes
  a gas spore
  2 hobbits
  a large kobold
  a hobgoblin
  3 giant rats
  a yellow mold
 16 gnomes
  3 geckos
  6 jackals
  a kobold
  3 grid bugs
  5 lichens
  3 newts
56 creatures vanquished.

No species were genocided or became extinct.

Game over:
                       ----------
                      /          \
                     /    REST    \
                    /      IN      \
                   /     PEACE      \
                  /                  \
                  |   GdeVolpiano    |
                  |      126 Au      |
                  |   killed by a    |
                  |   soldier ant    |
                  |                  |
                  |                  |
                  |       2026       |
                 *|     *  *  *      | *
        _________)/\\_//(\/(/\)/\//\/|_)_______

Goodbye GdeVolpiano the Cavewoman...

You died in The Gnomish Mines on dungeon level 7 with 750 points,
and 126 pieces of gold, after 2527 moves.
You were level 3 with a maximum of 32 hit points when you died.

